 Dungeon Crawl Stone Soup version 0.30-a0-341-g682706514a (webtiles) character file.

Game seed: 7943213226545753306

686 AmazingPX the Chopper (level 7, 0/62 HPs)
             Began as a Hill Orc Berserker on Nov 1, 2022.
             Was an Elder of Trog.
             Engulfed by a cloud of flame (35 damage)
             ... on level 4 of the Dungeon.
             The game lasted 00:11:35 (4067 turns).

AmazingPX the Chopper (Hill Orc Berserker)          Turns: 4067, Time: 00:11:36

Health: 0/62       AC:  8    Str: 25    XL:     7   Next: 62%
Magic:  0/7        EV: 11    Int:  7    God:    Trog [****..]
Gold:   253        SH:  5    Dex: 10    Spells: 6/6 levels left

rFire   . . .      SeeInvis .    a - +0 hand axe
rCold   + . .      Faith    .    h - +1 buckler
rNeg    + . .      Spirit   +    e - +5 leather armour of the Teaching Gods {*Slow rC+ rN+ Str+3}
rPois   .          Reflect  .    (no helmet)
rElec   .          Harm     .    (no cloak)
rCorr   .          Rampage  .    (no gloves)
Will    .....                    (no boots)
Stlth   +.........               f - amulet of guardian spirit
HPRegen 0.30/turn                (no ring)
MPRegen 0.10/turn                (no ring)

@: slowed, very slow
A: no striking features
a: Renounce Religion, Berserk, Trog's Hand, Brothers in Arms


You were on level 4 of the Dungeon.
You worshipped Trog.
Trog was greatly pleased with you.
You visited 1 branch of the dungeon, and saw 4 of its levels.
You also visited: Sewer.

You collected 253 gold pieces.

Inventory:

Hand Weapons
 a - a +0 hand axe (weapon)
Missiles
 p - 12 poisoned darts
Armour
 e - the +5 leather armour of the Teaching Gods (worn) {*Slow rC+ rN+ Str+3}
   (You found it on level 3 of the Dungeon)

   Str:       It affects your strength (+3).
   rC:        It protects you from cold.
   rN:        It protects you from negative energy.
   *Slow:     It may slow you when you take damage.
 h - a +1 buckler (worn)
 i - a +0 plate armour
Jewellery
 f - an amulet of guardian spirit (around neck)
Wands
 g - a wand of flame (13)
Scrolls
 c - a scroll of summoning
 j - a scroll of brand weapon {unknown}
 l - a scroll of fear
Potions
 b - 3 potions of curing
 d - 2 potions of attraction
 k - a potion of haste
 m - 3 potions of mutation
 n - 2 potions of heal wounds {unknown}
 q - 2 potions of resistance {unknown}


   Skills:
 + Level 5.8 Fighting
 + Level 7.7 Axes
 + Level 3.2 Armour
 + Level 3.2 Dodging
 + Level 0.5 Stealth
 + Level 2.4 Shields


You had 6 spell levels left.
You didn't know any spells.
Your spell library was empty.

Dungeon Overview and Level Annotations

Branches:
Dungeon (4/15)             Temple (0/1) D:4           Sewer (visited)

Altars:
Wu Jian


Message History

There is a stone staircase leading down here.
Found a dagger.
You see here a +0 dagger.
Found 27 gold pieces.
Really walk into a travel-excluded area? [Y]es or [N]o only, please.
Really walk into a travel-excluded area?
Found 7 gold pieces.
You are engulfed in blazing flames.
You are engulfed in blazing flames.
You are engulfed in blazing flames.
You start resting.
Magic restored.
You now have 186 gold pieces (gained 3).
You now have 201 gold pieces (gained 15).
You now have 213 gold pieces (gained 12).
You now have 220 gold pieces (gained 7).
You now have 230 gold pieces (gained 10).
You now have 239 gold pieces (gained 9).
You now have 253 gold pieces (gained 14).
HP restored.
Partly explored, can't reach some places.
Really walk into a travel-excluded area?
Really walk into that cloud of flame? [Y]es or [N]o only, please.
Really walk into that cloud of flame? [Y]es or [N]o only, please.
Really walk into that cloud of flame? [Y]es or [N]o only, please.
Really walk into that cloud of flame?
You are engulfed in blazing flames.
You feel yourself slow down.
You are engulfed in blazing flames.
Really walk into that cloud of flame? [Y]es or [N]o only, please.
Really walk into that cloud of flame? [Y]es or [N]o only, please.
Really walk into that cloud of flame?
You are engulfed in blazing flames.
Ouch! That really hurt!
You die...

##### ##... #...#
#§☼☼# #○°°# #°§°#
######...######
##.§○§.....°§○.#.####
#..§°§.....○§@.......
#..○○§.....☼°☼.#...##
#.#####...#####....#
#.# #§§○# #.... #.#
#☼°☼# .### #.# #☼☼§#
. #.#####...##### .
#...........).# #.
#######.#####.#


There were no monsters in sight!

Vanquished Creatures
  An ice beast (D:4)
  A phantom (D:4)
  2 kobold brigands (Sewer)
  A scorpion (D:4)
  A hound (D:4)
  A gnoll bouda (D:4)
  Ijyb (D:3)
  2 orc wizards (D:4)
  7 adders
  3 river rats (Sewer)
  2 worms
  3 dart slugs
  An orc (D:4)
  2 bats (D:2)
  10 endoplasms
  2 giant cockroaches (D:2)
  4 goblins
  7 hobgoblins
  15 jackals
  2 quokkas (D:1)
  8 ball pythons
  6 frilled lizards
  6 kobolds
  14 rats
102 creatures vanquished.

Vanquished Creatures (collateral kills)
  A ball python (D:2)
1 creature vanquished.

Vanquished Creatures (others)
  21 plants (Sewer)
  5 toadstools (D:1)
26 creatures vanquished.

Grand Total: 129 creatures vanquished

Notes
Turn   | Place    | Note
-------+----------+-------------------------------------------
     0 | D:1      | AmazingPX the Hill Orc Berserker began the quest for the
                  | Orb.
     0 | D:1      | Reached XP level 1. HP: 19/19 MP: 1/1
   172 | D:1      | Reached XP level 2. HP: 23/27 MP: 2/2
   424 | D:1      | Reached XP level 3. HP: 10/33 MP: 0/3
   482 | D:1      | Reached ** piety under Trog
  1195 | D:2      | Reached skill level 5 in Axes
  1195 | D:2      | Reached XP level 4. HP: 41/41 MP: 4/4
  1725 | D:3      | Identified the +5 leather armour of the Teaching Gods
                  | {*Slow rC+ rN+ Str+3}
  1754 | D:3      | Reached *** piety under Trog
  1852 | D:3      | Noticed Ijyb
  1875 | D:3      | Killed Ijyb
  1876 | D:3      | Reached XP level 5. HP: 13/47 MP: 2/5
  2308 | D:3      | Found a faded altar of an unknown god.
  2451 | D:4      | Found a staircase to the Ecumenical Temple.
  2455 | D:4      | Noticed a phantom
  2477 | D:4      | Killed a phantom
  2478 | D:4      | Reached skill level 5 in Fighting
  2478 | D:4      | Reached skill level 6 in Axes
  2478 | D:4      | Reached skill level 1 in Shields
  2490 | D:4      | Reached XP level 6. HP: 43/56 MP: 6/6
  2652 | D:4      | Found an ornate altar of the Wu Jian Council.
  2676 | D:4      | Found a glowing drain.
  2695 | Sewer    | Entered a sewer
  3129 | Sewer    | Reached XP level 7. HP: 61/61 MP: 7/7
  3211 | Sewer    | Reached skill level 7 in Axes
  3851 | D:4      | Reached **** piety under Trog
  4067 | D:4      | Engulfed by a cloud of flame

Illustrated notes

Levels and vault maps discovered:
D:1:      ldierk_walled_garden, layout_basic
D:2:      layout_rooms
D:3:      layout_basic, nicolae_ecumenical_oubliette, uniq_ijyb
D:4:      kennysheep_six_static_rooms, layout_basic,
          mainiacjoe_overflow_six_doors_small, minmay_temple_entry_trees,
          portal_sewer_entry_b, lemuel_flame_loot_1

Skill      XL: |  1  2  3  4  5  6  7 |
---------------+----------------------+-----
Fighting       | 4 5 |  5.8
Dodging        | 2 3 |  3.2
Axes           | 5 6 7 |  7.7
Shields        | 1 2 |  2.4
Armour         | 3 |  3.2
Stealth        | |  0.5

Action                   |  1- 3 |  4- 6 |  7- 9 || total
-------------------------+-------+-------+-------++-------
Melee: Hand axe          |    92 |   257 |   111 ||   460
  Use: Scroll            |       |     9 |     1 ||    10
Armor: Animal skin       |    20 |       |       ||    20
       Plate armour      |     9 |    45 |       ||    54
       Leather armour    |       |    77 |    23 ||   100
Dodge: Dodged            |   114 |   134 |    24 ||   272
Block: Buckler           |     2 |    52 |     9 ||    63

Table legend: (Time is in decaauts)
 A = Elapsed time spent in this place.
 B = Non-inter-level travel time spent in this place.
 C = Inter-level travel time spent in this place.
 D = Time resting spent in this place.
 E = Time spent auto-exploring this place.
 F = Levels seen in this place.
 G = Mean time per level.
                   A        B        C        D        E       F      G
               +--------+--------+--------+--------+--------+-----+--------+
         Total |   4285 |   4236 |     49 |    171 |   2519 |   5 |  857.0 |
       Dungeon |   3106 |   3057 |     49 |    171 |   1903 |   4 |  776.5 |
         Sewer |   1179 |   1179 |      0 |      0 |    616 |   1 | 1179.0 |
               +--------+--------+--------+--------+--------+-----+--------+

Top non-repeatable levels by time:
   Sewer: 1179 daAuts
     D:1: 965 daAuts
     D:3: 799 daAuts
     D:2: 700 daAuts
     D:4: 640 daAuts
